 Dungeon Crawl Stone Soup version 0.22-a0-825-ga28c36f (webtiles) character file.

94481 theanonym the Eclecticist (level 15, -13/126 HPs)
             Began as a Mummy Air Elementalist on July 23, 2018.
             Was a High Priest of Vehumet.
             Killed from afar by a shock serpent (22 damage)
             ... with a bolt of electricity
             ... on level 3 of the Lair of Beasts on July 24, 2018.
             The game lasted 01:33:22 (45813 turns).

theanonym the Eclecticist (Mummy Air Elementalist) Turns: 45813, Time: 01:33:23

Health: -13/126    AC: 12    Str: 12    XL:     15   Next: 63%
Magic:  27/43      EV: 18    Int: 27    God:    Vehumet [*****.]
Gold:   827        SH:  7    Dex: 17    Spells: 8/44 levels left

rFire    . . .     SeeInvis .   a - +4 hunting sling "Embalmer" {freeze, *Slow rN+ MP+9 Dex+3}
rCold    + . .     Gourm    .   e - +0 buckler
rNeg     + + +     Faith    .   u - +2 robe of the Hills {+Inv Int+5}
rPois    ∞         Spirit   .   i - +0 helmet
rElec    .         Reflect  +   q - +2 cloak
rCorr    .         Harm     .   E - +2 pair of gloves
MR       +....                  y - +0 pair of boots
Stlth    ++........             D - +2 amulet of reflection
HPRegen  0.31/turn              x - +3 ring of intelligence
MPRegen  0.28/turn              A - ring of protection from fire

@: slowed, very slow
A: no food or potions, fire vulnerability, cold resistance 1, negative energy
resistance 3, torment resistance, unbreathing, in touch with death 1
a: Renounce Religion, Evoke Invisibility


Innate Abilities, Weirdness & Mutations

You do not eat or drink.
Your flesh is vulnerable to fire.
You are immune to poison.
Your flesh is cold resistant. (rC+)
You are immune to negative energy. (rN+++)
You are immune to unholy pain and torment.
You can survive without breathing.
You are in touch with the powers of death.


   Skills:
 + Level 14.2 Fighting
 - Level 3.0 Armour
 + Level 8.1 Dodging
 - Level 1.5 Stealth
 - Level 4.4 Shields
 - Level 15.0 Spellcasting
 + Level 10.5 Conjurations
 + Level 2.3 Ice Magic
 - Level 10.0 Air Magic
 + Level 2.3 Earth Magic
 - Level 2.5 Poison Magic


You had 8 spell levels left.
You knew the following spells:

 Your Spells              Type           Power        Failure   Level  Hunger
a - Iron Shot             Conj/Erth      ######....   8%          6    N/A
b - Static Discharge      Conj/Air       ######..     1%          3    N/A
c - Lightning Bolt        Conj/Air       ######....   1%          5    N/A
d - Mephitic Cloud        Conj/Pois/Air  ######..     1%          3    N/A
e - Airstrike             Air            ######....   1%          4    N/A
f - Freezing Cloud        Conj/Ice/Air   ######....   4%          6    N/A
g - Shock                 Conj/Air       ####         1%          1    N/A
h - Summon Butterflies    Summ           ###.....     2%          1    N/A
i - Summon Lightning Spi  Summ/Air       #####...     3%          4    N/A
q - Apportation           Tloc           ###...       2%          1    N/A
s - Swiftness             Chrm/Air       #####...     1%          2    N/A

Your spell library contained the following spells:

 Spells                   Type           Power        Failure   Level  Hunger
 Cause Fear               Hex            ###.......   26%         4    N/A
 Bolt of Magma            Conj/Fire/Erth #####.....   3%          5    N/A
 Slow                     Hex            ###.....     3%          2    N/A
 Confuse                  Hex            ###.....     8%          3    N/A
 Invisibility             Hex            ###.....     98%         6    N/A
 Venom Bolt               Conj/Pois      ######....   1%          5    N/A
 Summon Small Mammal      Summ           ###.         2%          1    N/A
 Summon Ice Beast         Ice/Summ       ####....     16%         4    N/A
 Call Imp                 Summ           ###.....     3%          2    N/A
 Tukima's Dance           Hex            ###.....     8%          3    N/A
 Corpse Rot               Necr           N/A          3%          2    N/A
 Stone Arrow              Conj/Erth      ######       1%          3    N/A
 Spider Form              Tmut/Pois      ####......   4%          3    N/A
 Blade Hands              Tmut           ###.......   56%         5    N/A
 Ice Form                 Ice/Tmut       ####....     16%         4    N/A
 Confusing Touch          Hex            ###...       2%          1    N/A
 Sticks to Snakes         Tmut           ###.....     3%          2    N/A
 Call Canine Familiar     Summ           ###.....     8%          3    N/A
 Metabolic Englaciation   Hex/Ice        ####......   41%         5    N/A
 Corona                   Hex            ###....      2%          1    N/A
 Alistair's Intoxication  Tmut/Pois      ####....     38%         5    N/A
 Portal Projectile        Hex/Tloc       ###...       8%          3    N/A
 Petrify                  Tmut/Erth      ####....     16%         4    N/A
 Orb of Destruction       Conj           ######....   8%          7    N/A
 Leda's Liquefaction      Hex/Erth       ####......   16%         4    N/A
 Summon Hydra             Summ           ###.......   100%        7    N/A
 Inner Flame              Hex/Fire       ###.....     2%          3    N/A
 Beastly Appendage        Tmut           ###...       2%          1    N/A
 Iskenderun's Battlesphe  Conj/Chrm      #####...     2%          5    N/A
 Summon Forest            Summ/Tloc      ###.......   56%         5    N/A
 Summon Guardian Golem    Hex/Summ       ###.....     8%          3    N/A
 Spellforged Servitor     Conj/Summ      #####.....   50%         7    N/A
 Hydra Form               Tmut           ###.......   98%         6    N/A
 Gell's Gravitas          Tloc           ###.......   8%          3    N/A
 Yara's Violent Unravell  Hex/Tmut       ###.......   17%         5    N/A
 Lesser Beckoning         Tloc           ###.......   8%          3    N/A

Skill      XL: |  1  2  3  4  5  6  7  8  9 10 11 12 13 14 15 |
---------------+----------------------------------------------+-----
Spellcasting   | 3 4 5 6 8 10 12 13 14 15 | 15.0
Air Magic      | 3 4 5 6 8 10 | 10.0
Fighting       | 2 6 8 9 11 13 14 | 14.2
Armour         | 3 |  3.0
Conjurations   | 3 4 7 9 10 | 10.5
Poison Magic   | 2 |  2.5
Dodging        | 4 5 6 8 |  8.1
Shields        | 4 |  4.4
Ice Magic      | 2 |  2.3
Earth Magic    | 2 |  2.3
Stealth        | |  1.5

Action                   |  1- 3 |  4- 6 |  7- 9 | 10-12 | 13-15 || total
-------------------------+-------+-------+-------+-------+-------++-------
Melee: Club              |    21 |     5 |       |       |       ||    26
       Unarmed           |     2 |       |       |       |       ||     2
       Staff             |       |     4 |     2 |       |       ||     6
       Dagger            |       |     4 |       |       |       ||     4
       Falchion          |       |       |       |     6 |     7 ||    13
 Fire: Hunting sling     |       |       |       |     1 |       ||     1
 Cast: Shock             |    95 |    49 |    78 |   192 |    69 ||   483
       Swiftness         |     2 |       |     1 |     1 |     1 ||     5
       Airstrike         |       |    18 |   160 |   451 |   751 ||  1380
       Static Discharge  |       |       |       |    23 |    13 ||    36
       Mephitic Cloud    |       |       |       |     4 |    33 ||    37
       Freezing Cloud    |       |       |       |       |    55 ||    55
       Summon Lightning  |       |       |       |       |    19 ||    19
       Lightning Bolt    |       |       |       |       |     7 ||     7
       Apportation       |       |       |       |       |     2 ||     2
Evoke: Wand              |       |     3 |    13 |     3 |    15 ||    34
       Staff of energy   |       |     2 |    36 |     7 |       ||    45
       Lamp of fire      |       |       |       |       |     2 ||     2
  Use: Scroll            |       |     3 |     8 |    12 |     8 ||    31
 Stab: Paralysed         |       |       |       |     6 |     7 ||    13
Armor: Robe              |     9 |     1 |       |    24 |    77 ||   111
       Leather armour    |       |     2 |    16 |       |       ||    18
       Ring mail         |       |       |    28 |    84 |       ||   112
Dodge: Dodged            |    30 |    16 |    96 |   185 |   197 ||   524
Block: Other             |       |       |       |     8 |       ||     8
       Buckler           |       |       |       |    19 |   111 ||   130
       Reflection        |       |       |       |       |    19 ||    19

Inventory:

Hand Weapons
 a - the +4 hunting sling "Embalmer" (weapon) {freeze, *Slow rN+ MP+9 Dex+3}
   (You bought it in a shop on level 5 of the Dungeon)

   It causes projectiles fired from it to freeze those they strike, causing
   extra injury to most foes and up to half again as much damage against
   particularly susceptible opponents.
   They can also slow down cold-blooded creatures.
   It affects your dexterity (+3).
   It protects you from negative energy.
   It affects your magic capacity (+9).
   It may slow you when you take damage.
 p - the +5 falchion "Lenairemn" {freeze, +Blink +Rage}
   (You bought it in a shop on level 5 of the Dungeon)

   It has been specially enchanted to freeze those struck by it, causing extra
   injury to most foes and up to half again as much damage against particularly
   susceptible opponents.
   It can also slow down cold-blooded creatures.
   It lets you blink.
   It lets you go berserk.
 N - the +10 hunting sling of Duty {venom, *Slow rElec rF+ rC+++}
   (You found it on level 1 of the Lair of Beasts)

   It poisons the ammo it fires.
   It protects you from fire.
   It renders you almost immune to cold.
   It insulates you from electricity.
   It may slow you when you take damage.
Missiles
 m - 4 throwing nets
 w - 579 stones
 C - 269 sling bullets (quivered)
Armour
 e - a +0 buckler (worn)
   (You found it on level 3 of the Lair of Beasts)
 i - a +0 helmet (worn)
   (You found it on level 2 of the Dungeon)
 q - a +2 cloak (worn)
   (You found it on level 6 of the Dungeon)
 s - the +1 ring mail of Orthodoxy {*Corrode rPois Str+4 Int+2}
   (You found it on level 6 of the Dungeon)

   It affects your strength (+4).
   It affects your intelligence (+2).
   It protects you from poison.
   It may corrode you when you take damage.
 u - the +2 robe of the Hills (worn) {+Inv Int+5}
   (You found it on level 2 of the Lair of Beasts)

   It affects your intelligence (+5).
   It lets you turn invisible.
 y - a +0 pair of boots (worn)
   (You found it on level 3 of the Shoals)
 E - a +2 pair of gloves (worn)
   (You found it on level 2 of the Lair of Beasts)
 Q - a +2 robe of fire resistance
   (You took it off an orc sorcerer on level 2 of the Orcish Mines)
Magical Staves
 b - an uncursed staff of energy
   (You found it on level 4 of the Dungeon)
 g - an uncursed staff of wizardry
   (You found it on level 6 of the Dungeon)
 z - an uncursed staff of earth
   (You found it on level 10 of the Dungeon)
Jewellery
 l - an uncursed ring of fire
   (You found it on level 9 of the Dungeon)
 x - a +3 ring of intelligence (left hand)
   (You found it on level 3 of the Lair of Beasts)
 A - a ring of protection from fire (right hand)
   (You found it on level 1 of the Lair of Beasts)
 D - a +2 amulet of reflection (around neck)
   (You found it on level 10 of the Dungeon)
 H - an uncursed ring of ice
   (You found it on level 4 of the Lair of Beasts)
 J - an uncursed ring of protection from cold
   (You found it on level 5 of the Lair of Beasts)
 L - an uncursed ring of protection from magic
   (You found it on level 6 of the Lair of Beasts)
Wands
 k - a wand of paralysis (3)
   (You took it off an orc wizard on level 8 of the Dungeon)
 v - a wand of acid (14)
   (You bought it in a shop on level 2 of the Orcish Mines)
 G - a wand of enslavement (11)
   (You found it on level 2 of the Lair of Beasts)
Scrolls
 d - 6 scrolls of immolation
 f - 4 scrolls of fog
 h - 3 scrolls of enchant weapon
 j - a scroll of noise
 n - 11 scrolls of remove curse
 r - 2 scrolls of identify
 t - 3 scrolls of teleportation {!r}
 B - 2 scrolls of blinking
 F - 3 scrolls of amnesia
 K - a scroll of silence
 M - 2 scrolls of torment
Miscellaneous
 c - a phantom mirror
 o - a lamp of fire (inert)
   (You found it on level 5 of the Lair of Beasts)


You were on level 3 of the Lair of Beasts.
You worshipped Vehumet.
Vehumet was extremely pleased with you.
You were not hungry.

You visited 6 branches of the dungeon, and saw 23 of its levels.
You also visited: Volcano.

You collected 2504 gold pieces.
You spent 1677 gold pieces at shops.

Dungeon Overview and Level Annotations

Branches:
Dungeon (10/15)            Temple (1/1) D:6            Lair (6/6) D:8
 Shoals (3/4) Lair:4        Snake (1/4) Lair:3        Slime (0/5) Lair:6
    Orc (2/2) D:10            Elf (0/3) Orc:2

Altars:
Ashenzari
Cheibriados
Dithmenos
Elyvilon
Fedhas
Gozag
Hepliaklqana
Kikubaaqudgha
Makhleb
Nemelex Xobeh
Okawaru
Qazlal
Ru
Sif Muna
Trog
Uskayaw
Vehumet
Wu Jian
Xom
Yredelemnul
Zin
The Shining One
Beogh

Shops:
D:5 (   D:7 (   D:10 *   Orc:2 *!*(   Shoals:2 (

Annotations:
Shoals:2 exclusion: obsidian statue, ThisFiasco's ghost, journeyman DsBe

...##### #....#..#.##....##.##
..#....## ##..#######P....#....
........# #.P.## ##............
........# #....###....#.#......
.......## ###..P##....##.......
...!...# #...##..####.......
.......########..#.##.#####......
..................#.#.P..........
................@...#...........>
.#..###....#....P>.P......P......
.#...########.P.§.S..####.#.#.#P#
....### ##..§...## ####.####
......# #..##...## ### .....##
###...##P..# ##### ......##
#....####.P# #.#.# .......#
#P..#.##...# ##... .......#
#P..####[.## #P...


You could see a shock serpent.

Notes
Turn   | Place    | Note
-------+----------+-------------------------------------------
     0 | D:1      | theanonym the Mummy Air Elementalist began the quest for the Orb.
     0 | D:1      | Reached XP level 1. HP: 13/13 MP: 4/4
   594 | D:1      | Reached skill level 3 in Spellcasting
   596 | D:1      | Reached XP level 2. HP: 19/19 MP: 1/6
  1071 | D:1      | Learned a level 2 spell: Swiftness
  1129 | D:1      | Reached skill level 3 in Air Magic
  1728 | D:2      | Reached XP level 3. HP: 22/24 MP: 2/7
  1943 | D:2      | Noticed Sigmund
  2743 | D:2      | Reached XP level 4. HP: 30/30 MP: 0/9
  3621 | D:3      | Reached skill level 4 in Spellcasting
  3749 | D:3      | Noticed a phantom
  3768 | D:2      | Learned a level 4 spell: Airstrike
  4272 | D:4      | Noticed a necrophage
  4282 | D:4      | Killed a necrophage
  4282 | D:4      | Reached skill level 4 in Air Magic
  4282 | D:4      | Reached XP level 5. HP: 35/35 MP: 3/11
  4394 | D:4      | HP: 13/35 [worker ant (6)]
  5014 | D:4      | Learned a level 5 spell: Lightning Bolt
  5339 | D:4      | Reached XP level 6. HP: 41/41 MP: 4/13
  5486 | D:3      | Reached skill level 5 in Spellcasting
  5486 | D:3      | Reached skill level 5 in Air Magic
  5852 | D:2      | HP: 20/41 [Sigmund/scythe (5)]
  5860 | D:2      | Killed Sigmund
  6124 | D:2      | Reached XP level 7. HP: 46/46 MP: 13/15
  6709 | D:2      | Found a blossoming altar of Fedhas.
  7139 | D:5      | Entered Level 5 of the Dungeon
  7447 | D:5      | Found Sonun's Antique Weapon Boutique.
  7450 | D:5      | Reached skill level 6 in Spellcasting
  7450 | D:5      | Reached skill level 6 in Air Magic
  8060 | D:5      | Bought a crystal falchion for 160 gold pieces
  8060 | D:5      | Identified the +5 falchion "Lenairemn" {freeze, +Blink +Rage} (You bought it in a shop on level 5 of the Dungeon)
  8215 | D:5      | Reached XP level 8. HP: 52/52 MP: 1/18
  8330 | D:5      | Reached skill level 7 in Spellcasting
  8489 | D:5      | Reached skill level 7 in Air Magic
  8526 | D:5      | HP: 25/52 [bullfrog zombie (2)]
  8731 | D:5      | HP: 24/52 [orc/falchion (3)]
  9290 | D:5      | Found a glowing silver altar of Zin.
  9290 | D:5      | Found a shadowy altar of Dithmenos.
  9407 | D:5      | Reached skill level 8 in Spellcasting
  9551 | D:5      | Reached skill level 8 in Air Magic
 10146 | D:6      | Found a staircase to the Ecumenical Temple.
 10261 | D:6      | Reached XP level 9. HP: 57/57 MP: 16/21
 10656 | D:6      | Got an ichor-stained ring mail
 10667 | D:6      | Identified the +1 ring mail of Orthodoxy {*Corrode rPois Str+4 Int+2} (You found it on level 6 of the Dungeon)
 11190 | D:5      | Bought a jewelled hunting sling for 130 gold pieces
 11190 | D:5      | Identified the +4 hunting sling "Embalmer" {freeze, *Slow rN+ MP+9 Dex+3} (You bought it in a shop on level 5 of the Dungeon)
 11367 | D:7      | Reached skill level 9 in Spellcasting
 11372 | D:7      | Noticed Duvessa
 11456 | D:7      | Noticed Dowan
 11459 | D:7      | Killed Dowan
 11459 | D:7      | Reached skill level 9 in Air Magic
 12033 | D:7      | Found a runed gate.
 12034 | D:7      | Found a runed gate.
 12035 | D:7      | Found a runed gate.
 12039 | D:7      | Noticed a salamander
 12151 | D:7      | Noticed lurker's ghost (novice DDFi)
 12154 | D:7      | HP: 24/57 [Duvessa/short sword of protection (8)]
 12157 | D:7      | HP: 11/57 [Duvessa/short sword of protection (6)]
 12158 | D:7      | Killed Duvessa
 12414 | D:7      | Noticed a merfolk
 12494 | D:7      | Noticed a spiny frog
 12709 | D:7      | Found Anarojum's Weapon Shoppe.
 13227 | Temple   | Entered the Ecumenical Temple
 13369 | Temple   | Became a worshipper of Vehumet
 13456 | D:7      | Noticed a queen bee
 13474 | D:7      | Reached skill level 10 in Spellcasting
 13486 | D:7      | Noticed a wind drake
 13582 | D:7      | Learned a level 3 spell: Static Discharge
 13585 | D:8      | Noticed a two-headed ogre
 13596 | D:7      | HP: 26/57 [two-headed ogre/giant club (19)]
 13655 | D:8      | HP: 26/57 [necrophage (3)]
 13657 | D:8      | Reached skill level 10 in Air Magic
 13661 | D:8      | Reached skill level 1 in Fighting
 13893 | D:7      | Killed a two-headed ogre
 13893 | D:7      | Reached skill level 2 in Fighting
 13893 | D:7      | Reached XP level 10. HP: 68/68 MP: 24/24
 13955 | D:8      | Reached skill level 3 in Fighting
 14101 | D:8      | Noticed an elephant
 14648 | D:8      | Reached skill level 11 in Spellcasting
 14671 | D:8      | Reached skill level 4 in Fighting
 15016 | D:8      | Killed an elephant
 15271 | D:8      | Reached skill level 5 in Fighting
 15447 | D:8      | Found a staircase to the Lair.
 15458 | D:8      | Paralysed by an orc wizard for 7 turns
 15469 | D:8      | Reached * piety under Vehumet
 15469 | D:8      | Offered knowledge of Sting by Vehumet.
 15626 | D:8      | Found a bloodstained altar of Trog.
 15681 | D:8      | Found an opulent altar of Gozag.
 15997 | D:8      | Reached skill level 12 in Spellcasting
 16332 | D:8      | Reached skill level 6 in Fighting
 16742 | D:9      | Found an iron altar of Okawaru.
 16772 | D:9      | Reached XP level 11. HP: 67/83 MP: 21/27
 16973 | D:9      | Reached skill level 7 in Fighting
 17063 | D:9      | Reached ** piety under Vehumet
 17066 | D:9      | Offered knowledge of Flame Tongue by Vehumet.
 17154 | D:9      | Noticed Erica
 17173 | D:9      | Killed Erica
 17178 | D:9      | Reached skill level 13 in Spellcasting
 18035 | D:9      | Found a burning altar of Makhleb.
 18298 | D:10     | Entered Level 10 of the Dungeon
 18330 | D:10     | Reached skill level 1 in Armour
 18419 | D:10     | Found Wan Uvvo's Assorted Antiques.
 18421 | D:10     | Reached skill level 1 in Conjurations
 18453 | D:10     | Bought a moonstone ring for 135 gold pieces
 18453 | D:10     | Bought a scroll labeled FORYERGHUAQ for 27 gold pieces
 18533 | D:10     | Offered knowledge of Mephitic Cloud by Vehumet.
 18542 | D:10     | Learned a level 3 spell: Mephitic Cloud
 18766 | D:10     | Found a staircase to the Orcish Mines.
 18828 | D:10     | Reached skill level 8 in Fighting
 19391 | Lair:1   | Entered Level 1 of the Lair of Beasts
 19553 | Lair:1   | Reached skill level 1 in Poison Magic
 19681 | Lair:1   | Reached skill level 2 in Armour
 19683 | Lair:1   | Reached skill level 2 in Conjurations
 19905 | Lair:1   | Reached *** piety under Vehumet
 20210 | Lair:1   | Reached skill level 2 in Poison Magic
 20760 | Lair:1   | Reached skill level 3 in Armour
 21032 | Lair:2   | Got a sheer robe
 21044 | Lair:1   | Reached skill level 3 in Conjurations
 21055 | Lair:1   | Identified the +2 robe of the Hills {+Inv Int+5} (You found it on level 2 of the Lair of Beasts)
 21088 | Lair:2   | Reached XP level 12. HP: 65/94 MP: 21/29
 21375 | Lair:2   | Reached skill level 2 in Dodging
 21556 | Lair:2   | Offered knowledge of Inner Flame by Vehumet.
 21718 | Lair:2   | Reached skill level 9 in Fighting
 21806 | Lair:2   | Reached skill level 14 in Spellcasting
 22683 | Lair:3   | Noticed a catoblepas
 22703 | Lair:3   | HP: 42/95 [spiny frog (20)]
 23629 | Lair:3   | Found a staircase to the Snake Pit.
 23639 | Lair:3   | Reached skill level 3 in Dodging
 23670 | Lair:3   | Reached skill level 4 in Conjurations
 23815 | Lair:3   | Reached skill level 1 in Shields
 23881 | Lair:3   | Found a shattered altar of Ashenzari.
 24116 | Lair:3   | Killed a catoblepas
 24116 | Lair:3   | Reached **** piety under Vehumet
 24116 | Lair:3   | Reached skill level 2 in Shields
 24716 | Lair:4   | HP: 47/95 [/static electricity (3)]
 24717 | Lair:4   | HP: 17/95 [yak (9)]
 24720 | Lair:4   | Reached skill level 3 in Shields
 25018 | Lair:4   | Offered knowledge of Dazzling Spray by Vehumet.
 25102 | Lair:4   | Noticed an eight-headed hydra
 25109 | Lair:4   | Killed an eight-headed hydra
 25109 | Lair:4   | Reached skill level 4 in Shields
 25291 | Lair:4   | Noticed a six-headed hydra
 25298 | Lair:4   | Killed a six-headed hydra
 25448 | Lair:4   | Noticed a four-headed hydra
 25569 | Lair:4   | Noticed a four-headed hydra
 25574 | Lair:4   | Killed a four-headed hydra
 25835 | Lair:4   | Killed a four-headed hydra
 26282 | Lair:4   | Found a staircase to the Shoals.
 26799 | D:10     | Bought a papyrus book for 405 gold pieces
 26978 | Lair:5   | Learned a level 1 spell: Apportation
 26983 | Lair:5   | Learned a level 4 spell: Summon Lightning Spire
 26994 | Lair:5   | Found a dark tunnel.
 27003 | Volcano  | Entered a volcano
 27024 | Volcano  | Noticed an ogre mage
 27026 | Volcano  | Noticed a two-headed ogre
 27027 | Volcano  | Killed an ogre mage
 27027 | Volcano  | Reached skill level 4 in Dodging
 27028 | Volcano  | Noticed a two-headed ogre
 27031 | Volcano  | Killed a two-headed ogre
 27031 | Volcano  | Gained mutation: You are in touch with the powers of death. [Mummy growth]
 27031 | Volcano  | Reached XP level 13. HP: 103/103 MP: 19/31
 27035 | Volcano  | Reached skill level 5 in Conjurations
 27195 | Volcano  | Noticed a red draconian
 27213 | Volcano  | Killed a red draconian
 27213 | Volcano  | Reached skill level 10 in Fighting
 27761 | Lair:5   | Noticed Josephine
 27766 | Lair:5   | Killed Josephine
 28362 | Lair:5   | Reached skill level 15 in Spellcasting
 28475 | Lair:5   | Reached skill level 5 in Dodging
 29084 | Lair:6   | Entered Level 6 of the Lair of Beasts
 29149 | Lair:6   | Reached skill level 6 in Conjurations
 29978 | Lair:5   | HP: 46/105 [spiny frog (10)]
 30371 | Lair:5   | Reached skill level 11 in Fighting
 31081 | Lair:6   | Reached skill level 7 in Conjurations
 31634 | Lair:6   | HP: 49/106 [elephant (11)]
 32266 | Lair:6   | Found a staircase to the Slime Pits.
 33724 | Lair:6   | Reached XP level 14. HP: 79/114 MP: 18/33
 34038 | Lair:1   | Got a steaming hunting sling
 34039 | Lair:1   | Identified the +10 hunting sling of Duty {venom, *Slow rElec rF+ rC+++} (You found it on level 1 of the Lair of Beasts)
 34122 | D:7      | Reached skill level 12 in Fighting
 34124 | D:7      | HP: 55/115 [lurker's ghost (4)]
 34127 | D:7      | Killed lurker's ghost
 34130 | D:7      | Reached skill level 8 in Conjurations
 34345 | D:7      | Learned a level 6 spell: Iron Shot
 34347 | D:7      | Learned a level 1 spell: Summon Butterflies
 34426 | Orc:1    | Entered Level 1 of the Orcish Mines
 34602 | Orc:2    | Entered Level 2 of the Orcish Mines
 34912 | Orc:2    | Found a staircase to the Elven Halls.
 35171 | Orc:2    | Reached ***** piety under Vehumet
 35399 | Orc:2    | Offered knowledge of Freezing Cloud by Vehumet.
 35678 | Orc:2    | Found a roughly hewn altar of Beogh.
 37952 | Orc:2    | Found Archagam's Distillery.
 37952 | Orc:2    | Found Jecoatwudiw's General Store.
 37953 | Orc:2    | Found Voes's Antique Weapon Emporium.
 37958 | Orc:2    | Found Rep Nuph's Assorted Antiques.
 37962 | Orc:2    | Bought a papyrus book for 540 gold pieces
 38053 | Orc:2    | Bought a scroll of fog for 28 gold pieces
 38053 | Orc:2    | Bought a wand of acid (5) for 252 gold pieces
 38208 | Shoals:1 | Entered Level 1 of the Shoals
 38224 | Shoals:1 | HP: 50/116 [faun/stone (15)]
 38495 | Shoals:1 | Reached skill level 9 in Conjurations
 38775 | Shoals:1 | Found a frozen archway.
 39175 | Shoals:1 | Reached skill level 13 in Fighting
 39348 | Shoals:1 | Reached skill level 6 in Dodging
 39436 | Shoals:1 | Learned a level 6 spell: Freezing Cloud
 40156 | Shoals:1 | Found the +8 Wrath of Trog {antimagic, *Rage}
 40164 | Shoals:1 | Noticed Kirke
 40174 | Shoals:1 | Killed Kirke
 40367 | Shoals:1 | Got a pair of ancient boots
 40624 | Shoals:1 | Identified the +0 pair of boots "Sirheuda" {-Tele rN++} (You found it on level 1 of the Shoals)
 40676 | Shoals:2 | Found a runed gate.
 40676 | Shoals:2 | Found a runed gate.
 40676 | Shoals:2 | Found a runed gate.
 40682 | Shoals:2 | HP: 57/118 [faun/stone[a satyr] (7)]
 40773 | Shoals:1 | HP: 59/118 [sea snake (13)]
 41084 | Shoals:2 | Upgraded the game from 0.22-a0-815-gb582571 to 0.22-a0-825-ga28c36f
 41129 | Shoals:2 | HP: 42/118 [something/ball of steam (33)]
 41637 | Shoals:2 | Reached XP level 15. HP: 124/124 MP: 15/34
 41772 | Shoals:2 | Reached skill level 7 in Dodging
 42130 | Shoals:2 | HP: 60/124 [faun/stone[a satyr] (16)]
 42132 | Shoals:2 | Reached skill level 10 in Conjurations
 42768 | Shoals:2 | Found Fonge's Assorted Antiques.
 42768 | Shoals:2 | Noticed ThisFiasco's ghost (journeyman DsBe)
 42769 | Shoals:2 | Found an opulent altar of Gozag.
 42929 | Shoals:2 | Found James's Weapon Shoppe.
 43505 | Shoals:2 | HP: 59/125 [harpy (4)]
 43904 | Shoals:3 | Reached skill level 14 in Fighting
 43905 | Shoals:3 | Reached skill level 1 in Ice Magic
 43905 | Shoals:3 | Reached skill level 1 in Earth Magic
 44095 | Shoals:3 | HP: 62/126 [merfolk/antimagic trident (20)]
 44628 | Shoals:3 | Reached skill level 2 in Earth Magic
 44870 | Shoals:3 | Reached skill level 8 in Dodging
 44870 | Shoals:3 | Reached skill level 2 in Ice Magic
 45495 | Snake:1  | Entered Level 1 of the Snake Pit
 45510 | Snake:1  | HP: 47/126 [shock serpent/bolt of electricity (21)]
 45813 | Lair:3   | HP: 59/126 [shock serpent/electric aura (9)]
 45813 | Lair:3   | HP: 23/126 [shock serpent/bolt of electricity (18)]
 45813 | Lair:3   | HP: 9/126 [shock serpent/bolt of electricity (14)]
 45813 | Lair:3   | Killed from afar by a shock serpent

Vanquished Creatures
  Kirke (Shoals:1)
  A red draconian (Volcano)
  A merfolk javelineer (Shoals:3)
  Josephine (Lair:5)
  2 merfolk impalers (Shoals:3)
  5 hydras
  3 merfolk avatars
  A merfolk aquamancer (Shoals:2)
  Erica (D:9)
  2 catoblepae
  2 ogre magi
  6 two-headed ogres
  2 satyrs (Shoals:2)
  3 orc high priests (Orc:2)
  The ghost of lurker the Skirmisher, a novice DDFi of Makhleb (D:7)
  16 sea snakes
  11 fauns
  16 harpies
  12 manticores
  5 orc sorcerers (Orc:2)
  An orc knight (Orc:2)
  3 oklob plants (Lair:6)
  3 water nymphs
  9 elephants
  4 black mambas
  5 merfolk sirens
  2 ice statues (Shoals:1)
  13 spiny frogs
  A spiny frog (shapeshifter) (D:7)
  2 rime drakes
  6 komodo dragons
  4 trolls
  10 merfolk
  4 polar bears
  2 wind drakes
  A hornet (Lair:6)
  2 snapping turtles (Shoals:2)
  8 dream sheep
  9 hippogriffs
  Sigmund (D:2)
  14 yaks
  5 wraiths
  9 hogs
  8 water elementals
  A hungry ghost (D:10)
  3 humans
  3 wyverns
  3 basilisks
  2 wargs
  15 water moccasins
  Duvessa (D:7)
  12 porcupines
  14 orc warriors
  A sky beast (D:9)
  5 black bears
  13 ogres
  7 ice beasts
  9 necrophages
  A phantom (D:3)
  18 wolves
  5 centaurs
  10 crocodiles
  2 big kobolds (D:7)
  15 bullfrogs
  6 scorpions
  Dowan (D:7)
  16 killer bees
  7 wights
  3 howler monkeys (D:9)
  3 electric eels
  3 jellies
  6 crimson imps
  2 bullfrog zombies
  2 centaur zombies
  A quasit (D:6)
  A hound (D:5)
  12 orc priests
  2 bullfrog skeletons
  A centaur skeleton (D:8)
  3 iron imps (D:9)
  13 orc wizards
  6 worker ants
  5 iguanas
  4 hell rats (Lair:5)
  A killer bee zombie (D:8)
  A mummy (D:8)
  10 gnolls
  4 worker ant zombies
  A river rat (Lair:5)
  15 adders
  2 oozes
  2 adder zombies (D:8)
  2 worms (D:2)
  9 leopard geckos
  50 orcs
  4 ball pythons
  6 giant cockroaches
  5 goblins
  6 hobgoblins
  9 jackals
  8 quokkas
  6 bats
  6 frilled lizards
  13 kobolds
  A quokka skeleton (D:5)
  A quokka zombie (D:8)
  5 rats
  5 plants (Shoals:2)
627 creatures vanquished.

Vanquished Creatures (collateral kills)
  A two-headed ogre (Orc:2)
  A merfolk aquamancer (Shoals:3)
  3 orc knights (Orc:2)
  An orc sorcerer (Orc:2)
  An orc warrior (Orc:2)
  An ogre (Orc:2)
  3 orc priests (Orc:2)
  3 orcs
14 creatures vanquished.

Vanquished Creatures (others)
  2 fauns
  A black mamba (Snake:1)
  A jackal (D:9)
  4 fungi
  15 plants
  A withered plant (D:8)
24 creatures vanquished.

Grand Total: 665 creatures vanquished

Table legend:
 A = Turns spent in this place as a percentage of turns spent in the entire game.
 B = Non-inter-level travel turns spent in this place as a percentage of non-inter-level travel turns spent in the entire game.
 C = Inter-level travel turns spent in this place as a percentage of turns spent in this place.
 D = Turns resting spent in this place as a percentage of non-inter-level travel turns spent in this place.
 E = Turns spent auto-exploring this place as a percentage of non-inter-level travel turns spent in this place.
 F = Non-inter-level travel turns spent in this place divided by the number of levels of this place that you've seen.
                   A       B       C       D       E      F
               +-------+-------+-------+-------+-------+----------------------
         Total | 100.0 | 100.0 |   8.4 |  57.6 |  30.4 | 1748.2
       Dungeon |  43.1 |  41.4 |  12.0 |  52.6 |  34.5 | 1737.5
        Temple |   0.3 |   0.3 |  17.3 |   0.0 |  99.2 | 129.0
          Lair |  32.8 |  33.6 |   6.3 |  60.2 |  29.8 | 2348.0
        Shoals |  14.4 |  15.0 |   4.7 |  67.6 |  19.6 | 2099.0
     Snake Pit |   0.0 |   0.0 |   5.0 |  21.1 |   0.0 |  19.0
  Orcish Mines |   8.0 |   8.3 |   5.3 |  55.9 |  29.7 | 1735.5
       Volcano |   1.3 |   1.4 |   0.0 |  58.4 |  29.1 | 577.0
               +-------+-------+-------+-------+-------+----------------------
